Map: Blackpink LE

Players

Hoplite - Winner!

  • Race: Protoss Protoss
  • League: Diamond
  • Spawn Location: 1:00

BlueBeaR

  • Race: Terran Terran
  • League: Diamond
  • Spawn Location: 7:00

VOD

Have the link to the VOD?

Description

Time

  • Played on: Feb. 24, 2018, 8:03 p.m.
  • Length: 3:30
Show
View Real Time Build Order
Export as new Build Order

Hoplite Protoss - Winner!

Build Orders:  

Get SALT Encoding   

  12  0:00  Probe  
  13  0:18  Probe  
  13  0:20  Pylon  
  15  0:39  Probe  
  15  0:47  Gateway  
  15  0:51  Probe (Chrono Boost), Gateway  
  16  1:03  Probe (Chrono Boost)  
  18  1:16  Pylon  
  17  1:25  Pylon  
  17  1:39  Probe  
  18  1:41  Zealot x2 (Chrono Boost)  
  22  1:50  Nexus  
  22  1:58  Pylon  
  24  2:14  Zealot (Chrono Boost)  
  24  2:33  Pylon  
  24  2:41  Zealot (Chrono Boost)  
  24  2:44  Probe  
  28  2:46  Zealot (Chrono Boost)  
  28  2:58  Forge  
  28  3:05  Zealot (Chrono Boost)  
  28  3:06  Probe  
Show
View Real Time Build Order
Export as new Build Order

BlueBeaR Terran 

Build Orders:  

Get SALT Encoding   

  12  0:00  SCV  
  13  0:13  SCV  
  14  0:17  Supply Depot  
  14  0:25  SCV  
  15  0:39  SCV  
  15  0:42  Barracks  
  16  0:47  Refinery  
  16  0:51  SCV  
  17  1:03  SCV  
  18  1:15  SCV  
  19  1:27  SCV  
  20  1:37  Supply Depot  
  20  1:51  SCV  
  21  2:03  SCV  
  22  2:14  Command Center  
  22  2:15  SCV  
  23  2:27  SCV  
  24  2:44  Barracks Reactor  
  24  2:47  SCV  
  24  2:50  Barracks  
  25  3:00  SCV  
Tags
 
Add a new tag
Caveats
  • Supply blocks, unpowered buildings, or Contaminate may cause inaccurate times.
  • Supply counts are checked every 10 seconds.